cohdb
Replays
Latest Replays
All Replays
Popular Replays
Top Player Replays
Match Explorer
How It Works
Community
CoH3 Stats
Reddit
Sign in to upload your games and track your stats! →
Sign in with Steam
Match 43257631
Unlisted
Match 43257631
Overview
Messages
Build Orders
End
Construct Barracks
Engineer Squad
Selects Advanced Infantry Battlegroup
Riflemen Squad
M1 Mortar Team
Construct Weapon Support Center
M1919 Machine Gun Team
.30 cal Machine Gun
Selects Artillery Observers
M1 Mortar Team
.30 cal Machine Gun
Bazooka Squad
Mechanized Support Center
Construct Motor Pool
M1 Anti-tank Gun Team
Selects M2A1 105mm Howitzer Emplacement
Construct Tank Depot
M4A1 Sherman Medium Tank
M3 Armored Personnel Carrier
M4A1 76mm Conversion
AI Takeover
Aris
Serial Chiller
kurt0113
Kham
Texxy
weiyongwansui008
V4rangian
Zord Acciano
0
0
Comments
sign in to comment!
No comments posted yet!